 Dungeon Crawl Stone Soup version 0.24.0-37-gcf1ca852f1 (webtiles) character file.

Game seed: 4639275739827394024, levelgen mode: deterministic

765 PentaManta the Ruffian (level 7, -9/50 HPs)
             Began as an Octopode Berserker on Dec 1, 2019.
             Was an Elder of Trog.
             Mangled by an orc warrior
             ... wielding a +0 halberd
              (14 damage)
             ... on level 6 of the Dungeon.
             The game lasted 00:06:59 (4787 turns).

PentaManta the Ruffian (Octopode Berserker)         Turns: 4787, Time: 00:06:59

Health: -9/50      AC:  1    Str: 16    XL:     7   Next: 81%
Magic:  16/16      EV: 16    Int: 10    God:    Trog [****..]
Gold:   171        SH:  0    Dex: 13    Spells: 6/6 levels left

rFire    . . .     SeeInvis .     - Unarmed
rCold    . . .     Gourm    .   (no shield)
rNeg     . . .     Faith    .   (helmet restricted)
rPois    .         Spirit   .   (no amulet)
rElec    .         Reflect  .   s - ring of magical power
rCorr    .         Harm     .   (no ring)
MR       .....                  (no ring)
Stlth    ++++......             (no ring)
HPRegen  0.16/turn              (no ring)
MPRegen  0.15/turn              (no ring)
                                (no ring)
                                (no ring)

@: berserk cooldown, slowed, very slow
A: almost no armour, stealthy swim, amphibious, 8 rings, constrict 8, camouflage
1, gelatinous body 1
a: Berserk, Trog's Hand, Brothers in Arms, Renounce Religion


You were on level 6 of the Dungeon.
You worshipped Trog.
Trog was greatly pleased with you.
You were very hungry.

You visited 1 branch of the dungeon, and saw 6 of its levels.

You collected 171 gold pieces.

Inventory:

Hand Weapons
 r - a +4 dagger
 u - a +0 hunting sling
 w - a +2 dagger of speed
Missiles
 k - 3 javelins (quivered)
 q - 5 poisoned darts
 v - 48 stones
Jewellery
 s - a ring of magical power (left tentacle)
 x - an uncursed ring of positive energy {unknown}
Wands
 D - a wand of flame (5)
Scrolls
 b - 8 scrolls of identify {unknown}
 c - 2 scrolls of fear {unknown}
 d - 3 scrolls of enchant weapon {unknown}
 e - a scroll of noise {unknown}
 f - 5 scrolls of magic mapping {unknown}
 j - a scroll of teleportation {unknown}
 m - a scroll of random uselessness {unknown}
 p - 2 scrolls of amnesia {unknown}
 t - 2 scrolls of fog {unknown}
 y - a scroll of enchant armour {unknown}
 C - a scroll of immolation {unknown}
Potions
 g - 2 potions of degeneration {unknown}
 h - 2 potions of flight {unknown}
 i - 2 potions of curing {unknown}
 l - a potion of invisibility {unknown}
 n - 4 potions of might {unknown}
 o - 3 potions of haste {unknown}
 z - a potion of mutation {unknown}
 A - a potion of agility {unknown}
 B - a potion of ambrosia {unknown}
Comestibles
 a - 6 rations
 E - a chunk of flesh


   Skills:
 * Level 5.3 Fighting
 * Level 5.4 Dodging
 + Level 4.1 Stealth
 * Level 5.4 Unarmed Combat


You had 6 spell levels left.
You didn't know any spells.
Your spell library was empty.

Dungeon Overview and Level Annotations

Branches:
Dungeon (6/15)             Temple (0/1) D:6

Altars:
Fedhas
Kikubaaqudgha


Innate Abilities, Weirdness & Mutations

You cannot wear most types of armour.
You are very stealthy in the water. (Stealth+)
You are amphibious.
You can wear up to eight rings at the same time.
You can use your tentacles to constrict eight enemies at once.
Your skin changes colour to match your surroundings (Stealth+).
Your rubbery body absorbs attacks. (AC +1, EV +1)


Message History

* * * LOW HITPOINT WARNING * * *
The bullfrog closely misses you. The bullfrog hits you.
* * * LOW HITPOINT WARNING * * *
The bullfrog misses you.
The bullfrog swells and bulges.
The bullfrog closely misses you.
The worker ant zombie waves its antennae.
The bullfrog closely misses you.
The worker ant zombie barely misses you.
The bullfrog misses you.
You are feeling very hungry.
The orc priest casts a cantrip, but nothing happens.
The bullfrog barely misses you.
There is a stone staircase leading down here.
The bullfrog hits you!
* * * LOW HITPOINT WARNING * * *
The bullfrog closely misses you.
The orc warrior hits you from afar with a +0 halberd!
You die...

.#.. #######รท#.# #.#.
..o ........#.# #.#. .#
.o#########.#.# #.#.
#..#......o....#.# #.#.
#..oo######......#
###########.#.
#..o.....ooo....#
#........##.#.
....#######....o.#
#........##.#< #..
#...oFZ###........##.#.
#.
#....#@...........'..#. #
#....#...)........#####
.......#####.............
######## #.........####
#.........# #######'#.#
#.#.# #.#.# #.#.#


You could see an orc warrior, a bullfrog, an orc priest, an orc wizard, 3 orcs
and a worker ant zombie.

Vanquished Creatures
  2 ogres (D:4)
  2 bullfrogs (D:6)
  A scorpion (D:5)
  3 orc priests
  2 orc wizards
  3 worker ants (D:5)
  A killer bee zombie (D:6)
  Robin (D:4)
  5 adders
  An adder skeleton (D:4)
  4 worms
  2 dart slugs
  3 leopard geckos
  16 orcs
  4 giant cockroaches
  17 goblins
  11 hobgoblins
  8 kobolds
  A quokka (D:3)
  A ball python (D:2)
  11 bats
  4 frilled lizards
  A quokka skeleton (D:4)
  6 rats
110 creatures vanquished.

Notes
Turn   | Place    | Note
-------+----------+-------------------------------------------
     0 | D:1      | PentaManta the Octopode Berserker began the quest for the
                  | Orb.
     0 | D:1      | Reached XP level 1. HP: 16/16 MP: 1/1
    53 | D:1      | Reached XP level 2. HP: 16/21 MP: 2/2
   729 | D:1      | Reached XP level 3. HP: 26/26 MP: 3/3
   809 | D:1      | Reached ** piety under Trog
   944 | D:1      | Reached skill level 1 in Stealth
  1110 | D:2      | Reached XP level 4. HP: 28/31 MP: 4/4
  2229 | D:3      | Reached XP level 5. HP: 37/37 MP: 5/5
  2234 | D:3      | Reached *** piety under Trog
  2472 | D:4      | Noticed Robin
  2484 | D:4      | Killed Robin
  2880 | D:4      | Noticed an ogre
  2886 | D:4      | Killed an ogre
  2886 | D:4      | Reached XP level 6. HP: 43/43 MP: 6/6
  3479 | D:5      | Entered Level 5 of the Dungeon
  3488 | D:5      | Reached XP level 7. HP: 15/49 MP: 7/7
  3830 | D:5      | Found a blossoming altar of Fedhas.
  3831 | D:5      | Found an ancient bone altar of Kikubaaqudgha.
  4143 | D:5      | Reached skill level 5 in Dodging
  4143 | D:5      | Reached skill level 5 in Unarmed Combat
  4577 | D:6      | Reached **** piety under Trog
  4577 | D:6      | Reached skill level 5 in Fighting
  4757 | D:6      | Found a staircase to the Ecumenical Temple.
  4787 | D:6      | Mangled by an orc warrior

Levels and vault maps discovered:
D:1:      evilmike_arrival_run_for_it, layout_loops_cross
D:2:      layout_loops_ring, first_ration
D:3:      layout_basic, glass_columns_a
D:4:      layout_gridville, corexii_checkpoint_a, minmay_misc_feat_plants,
          chequers_serial_rivers_micro_a, uniq_robin
D:5:      layout_loops_corners, grunt_temple_overflow_growth_and_decay
D:6:      layout_basic, lemuel_doored_altar, minmay_temple_entry_mini_moons

Skill      XL: |  1  2  3  4  5  6  7 |
---------------+----------------------+-----
Stealth        | 1 2 3 4 |  4.1
Dodging        | 4 5 |  5.4
Unarmed Combat | 4 5 |  5.4
Fighting       | 4 5 |  5.3

Action                   |  1- 3 |  4- 6 |  7- 9 || total
-------------------------+-------+-------+-------++-------
Melee: Unarmed           |    69 |   132 |    29 ||   230
       Constrict         |    19 |    36 |     8 ||    63
       Tentacles         |    11 |    21 |     7 ||    39
       Punch             |       |     3 |     4 ||     7
Invok: Berserk           |       |     5 |     1 ||     6
       Trog's Hand       |       |     1 |       ||     1
 Stab: Sleeping          |     8 |     8 |     4 ||    20
       Distracted        |       |       |     1 ||     1
  Eat: Chunk             |       |    12 |     1 ||    13
       Ration            |       |       |     1 ||     1
Armor: Skin              |     4 |     2 |     1 ||     7
Dodge: Dodged            |    35 |    83 |    35 ||   153
